Monarchs vs Mulligans (R1)

Created - November 2, 2017 at 19:08

Goals
1 2 3 T
Monarchs 3 1 2 6
Mulligans 0 2 3 5
Shots
1 2 3 T
Monarchs 12 7 14 33
Mulligans 6 13 11 30

1st period

1. Monarchs , Jeff Skinner 6 (Tom Pyatt 4) at 14:36
2. Monarchs , Kyle Clifford 4 (Connor Brown 3, Matt Tennyson 5) at 16:02
3. Monarchs , Riley Cote 5 (Tomas Kubalik 4, Jordie Benn 1) at 18:37

Penalties :
Ben Hutton (Rep) for Holding (Minor) at 7:23

2nd period

4. Monarchs , Connor Brown 4 (Brandon Gormley 9) at 2:14
5. Mulligans , Maxime Macenauer 4 (Thomas Hickey 7, Derek Dorsett 4) at 9:21 (PP)
6. Mulligans , Christoph Bertschy 3 (Logan Shaw 1, Thomas Hickey 8) at 19:48

Penalties :
Logan Shaw (Rep) for High sticking (Double Minor) at 3:20, Colton Parayko (MAN) for Tripping (Minor) at 8:25, Derek Dorsett (Rep) for Cross-checking (Minor) at 13:17, Matt Beleskey (Rep) for Roughing (Minor) at 16:11

3rd period

7. Mulligans , Matt Beleskey 4 (Maxime Macenauer 5) at 0:18
8. Mulligans , Matt Beleskey 5 (Matt Donovan 6, Maxime Macenauer 6) at 8:59 (PP)
9. Monarchs , Riley Cote 6 (Chris Tierney 4) at 9:36
10. Monarchs , Tyler Toffoli 7 (Kyle Clifford 3, Connor Brown 4) at 15:36
11. Mulligans , Logan Shaw 5 (Drayson Bowman 5, Christoph Bertschy 2) at 19:15

Penalties :
Alec Martinez (MAN) for Boarding (Minor) at 0:45, Matt Donovan (Rep) for Interference (Minor) at 3:34, Dalton Thrower (Rep) for Tripping (Minor) at 6:26, Colton Sissons (MAN) for Cross-checking (Minor) at 8:45, Sven Baertschi (Rep) for Holding (Minor) at 17:01

Goalie Stats

Niklas Backstrom (MAN), 25 saves from 30 shots - (0.833), W, 2-0-0, 60:00 minutes
Calvin Pickard (Rep), 18 saves from 20 shots - (0.900), L, 0-3-0, 37:46 minutes
Anders Lindback (Rep), 9 saves from 13 shots - (0.692), 22:14 minutes

Players Stats for Monarchs

Player Name              G  A  P  +/- PIM S  H  SB GA TA FO     MP     PP MP  PK MP  
------------------------------------------------------------------------------------
Alec Martinez            0  0  0   0  2   2  1  0  0  1  0/0    25:35   9:08   0:00 
Brandon Gormley          0  1  1   1  0   0  2  3  1  2  0/0    22:40   9:08   0:56 
Bryan Rust               0  0  0  -2  0   0  0  0  0  0  0/0    10:33   0:50   2:19 
Chris Tierney            0  1  1   0  0   1  1  0  0  0  5/13   17:34   6:02   0:36 
Colton Parayko           0  0  0   1  2   0  2  0  0  0  0/0    14:32   0:33   1:24 
Colton Sissons           0  0  0  -1  2   0  0  0  0  0  2/3     6:14   0:15   0:00 
Connor Brown             1  2  3   3  0   3  0  1  0  0  2/3    21:27   8:40   0:00 
Emerson Etem             0  0  0   1  0   0  7  0  0  0  1/2    18:36   6:24   0:00 
Igor Makarov             0  0  0  -1  0   0  0  0  0  0  0/1     2:46   0:56   0:00 
Jeff Skinner             1  0  1   1  0   7  2  0  2  0  0/0    16:57   6:02   0:00 
Jordie Benn              0  1  1   2  0   0  0  0  0  0  0/0    11:25   0:00   2:20 
Kyle Clifford            1  1  2   3  0   5  1  4  1  0  0/1    22:02   8:39   0:36 
Matt Tennyson            0  1  1   0  0   0  0  1  0  0  0/0    26:18   6:12   0:49 
Olli Maatta              0  0  0   2  0   1  0  0  0  0  0/0    10:35   0:33   0:49 
Patrick Maroon           0  0  0  -1  0   0  0  0  0  0  0/0     6:30   0:16   0:14 
Riley Cote               2  0  2   1  0   3  1  0  1  1  3/5    14:34   1:05   2:19 
Tom Pyatt                0  1  1   1  0   3  1  0  1  0  4/12   10:55   0:00   0:14 
Tomas Kubalik            0  1  1   1  0   6  2  1  0  0  0/1    16:08   6:02   0:00 
Tyler Toffoli            1  0  1   3  0   2  0  1  0  0  14/28  21:27   8:40   0:00 

Players Stats for Mulligans

Player Name              G  A  P  +/- PIM S  H  SB GA TA FO     MP     PP MP  PK MP  
------------------------------------------------------------------------------------
Anton Lander             0  0  0  -1  0   4  1  2  0  0  25/41  23:45   1:12   7:48 
Ben Hutton               0  0  0  -1  2   0  2  0  0  1  0/0     9:30   0:00   1:40 
Cade Fairchild           0  0  0  -1  0   0  0  1  0  0  0/0     6:59   0:00   0:00 
Christoph Bertschy       1  1  2   0  0   3  0  0  0  0  3/4    10:51   0:00   1:00 
Cody Goloubef            0  0  0  -2  0   0  1  0  0  3  0/0    19:34   1:05   6:28 
Dalton Thrower           0  0  0   0  2   0  0  0  0  0  0/0     4:07   0:00   0:00 
Darren Dietz             0  0  0   0  0   0  0  1  0  0  0/0     5:18   0:00   1:03 
Derek Dorsett            0  1  1  -2  2   1  1  0  0  0  0/1    12:16   1:57   0:00 
Drayson Bowman           0  1  1   0  0   2  2  0  0  0  0/0    10:01   0:00   0:29 
Eric Tangradi            0  0  0  -1  0   3  1  0  1  0  1/3    21:27   1:12   6:16 
Jonathan Tremblay        0  0  0  -1  0   0  3  1  0  0  0/3    23:26   1:12   7:49 
Joonas Donskoi           0  0  0   0  0   0  0  0  0  0  0/0     5:37   0:00   0:00 
Logan Shaw               1  1  2   0  4   3  1  0  0  0  0/0     9:50   0:00   0:00 
Matt Beleskey            2  0  2  -2  2   4  1  0  0  0  1/1    12:58   1:57   0:00 
Matt Donovan             0  1  1  -2  2   3  1  1  1  1  0/0    18:32   1:05   5:27 
Matt Niskanen            0  0  0   0  0   3  1  0  1  1  0/0    28:21   2:04   8:34 
Maxime Macenauer         1  2  3  -2  0   2  1  0  0  0  5/11   17:57   1:57   4:56 
Nick Shore               0  0  0   0  0   0  1  0  0  0  3/4     6:03   0:00   0:26 
Sven Baertschi           0  0  0   0  2   1  0  0  0  0  0/1     9:07   0:00   3:02 
Thomas Hickey            0  2  2   0  0   1  2  4  1  0  0/0    28:21   2:04   8:34 

3 Stars

1 - Connor Brown (MAN)
2 - Kyle Clifford (MAN)
3 - Riley Cote (MAN)

Power Play

Monarchs - 0 on 8 Attempt(s) - 0.00%
Mulligans - 2 on 3 Attempt(s) - 66.67%

Penalty Kill

Monarchs - 1 on 3 Attempt(s) - 33.33% - Score 0 goal in Penalty Kill
Mulligans - 8 on 8 Attempt(s) - 100.00% - Score 0 goal in Penalty Kill

Team Stat

Monarchs - Hits : 20 - Faceoff Wins : 31 - Blocked Shots : 11 - Penalty Minutes : 6
Mulligans - Hits : 19 - Faceoff Wins : 38 - Blocked Shots : 10 - Penalty Minutes : 16

Official

Referees : StPierre Justin and StLaurent Francois
Linesman : David Brisebois and Thor Nelson

Game Notes

Calvin Pickard enters game at 2:14 of 2nd period

Finance

Level 1 -- Attendance: 1583 (79.15%) -- Ticket Income $39,575
Level 2 -- Attendance: 793 (79.30%) -- Ticket Income $9,516
Total Attendance: 2376 (79.20%)
Total Ticket Income: $49,091
Other Income: $2,455
Total Income: $51,546

Monarchs

5 vs 5 Forward 
   Center                   Left Wing                Right Wing               Time % Phy DF OF 
 1 Tyler Toffoli            Kyle Clifford            Connor Brown             35     1   1  3  
 2 Chris Tierney            Riley Cote               Tomas Kubalik            30     1   1  3  
 3 Tom Pyatt                Jeff Skinner             Emerson Etem             30     1   2  2  
 4 Colton Sissons           Patrick Maroon           Bryan Rust               5      1   2  2  

5 vs 5 Defense 
   Defense                  Defense                                           Time % Phy DF OF 
 1 Alec Martinez            Matt Tennyson                                     40     1   3  1  
 2 Colton Parayko           Brandon Gormley                                   40     1   3  1  
 3 Jordie Benn              Olli Maatta                                       20     1   3  1  
 4 Brandon Gormley          Colton Parayko                                    0      1   2  2  

PowerPlay Forward 
   Center                   Left Wing                Right Wing               Time % Phy DF OF 
 1 Tyler Toffoli            Kyle Clifford            Connor Brown             60     0   1  4  
 2 Chris Tierney            Jeff Skinner             Tomas Kubalik            40     0   1  4  

PowerPlay Defense
   Defense                  Defense                                           Time % Phy DF OF 
 1 Alec Martinez            Brandon Gormley                                   60     0   2  3  
 2 Emerson Etem             Matt Tennyson                                     40     0   2  3  

Penalty Kill 4 Players Forward 
   Center                   Wing                     Time % Phy DF OF 
 1 Riley Cote               Bryan Rust               60     0   4  1  
 2 Tom Pyatt                Patrick Maroon           40     0   4  1  

Penalty Kill 4 Players Defense
   Defense                  Defense                  Time % Phy DF OF 
 1 Jordie Benn              Colton Parayko           60     1   4  0  
 2 Olli Maatta              Matt Tennyson            40     1   4  0  

Penalty Kill - 3 Players Forward 
   Forward                                           Time % Phy DF OF 
 1 Riley Cote                                        60     1   2  2  
 2 Bryan Rust                                        40     1   2  2  

Penalty Kill - 3 Players Defense
   Defense                  Defense                  Time % Phy DF OF 
 1 Alec Martinez            Jordie Benn              60     1   2  2  
 2 Matt Tennyson            Olli Maatta              40     1   2  2  

4 vs 4 Forward 
   Center                   Wing                     Time % Phy DF OF 
 1 Tyler Toffoli            Kyle Clifford            60     1   2  2  
 2 Connor Brown             Jeff Skinner             40     1   2  2  

4 vs 4 Defense
   Defense                  Defense                  Time % Phy DF OF 
 1 Brandon Gormley          Matt Tennyson            60     1   2  2  
 2 Alec Martinez            Colton Parayko           40     1   2  2  

Last Minutes Offensive
   Center                   Left Wing                Right Wing               Defense                  Defense                  
   Tyler Toffoli            Kyle Clifford            Connor Brown             Brandon Gormley          Alec Martinez            

Last Minutes Defensive
   Center                   Left Wing                Right Wing               Defense                  Defense                  
   Chris Tierney            Riley Cote               Bryan Rust               Alec Martinez            Matt Tennyson            

Goaltenders
Starting : Niklas Backstrom         
Backup : Matt Murray              

Extra Forwards
Normal : Igor Makarov, Connor Brown, Chris Tierney - PP : Riley Cote, Igor Makarov - PK : Chris Tierney
Extra Defensemen
Normal : Alec Martinez, Colton Parayko, Matt Tennyson - PP : Colton Parayko - PK : Brandon Gormley, Colton Parayko
Penalty Shots
Igor Makarov, Riley Cote, Jeff Skinner, Tyler Toffoli, Tomas Kubalik

Scratches
Philip Varone (Healthy), Christophe Lalancette (Healthy), Joe Morrow (Healthy), Jujhar Khaira (Healthy), Jamie McGinn (Healthy)
Tyler McNeely (Healthy), Ryan White (Healthy), Trevor Lewis (Healthy), Anthony Peluso (Healthy), Jake Muzzin (Healthy)
Eric Gustafsson (Healthy), Darcy Kuemper (Healthy), Jeff Frazee (Healthy)

Mulligans

5 vs 5 Forward 
   Center                   Left Wing                Right Wing               Time % Phy DF OF 
 1 Anton Lander             Eric Tangradi            Jonathan Tremblay        40     1   2  2  
 2 Maxime Macenauer         Matt Beleskey            Derek Dorsett            30     1   2  2  
 3 Christoph Bertschy       Drayson Bowman           Logan Shaw               20     1   2  2  
 4 Nick Shore               Sven Baertschi           Joonas Donskoi           10     1   2  2  

5 vs 5 Defense 
   Defense                  Defense                                           Time % Phy DF OF 
 1 Thomas Hickey            Matt Niskanen                                     40     1   2  2  
 2 Matt Donovan             Cody Goloubef                                     30     1   2  2  
 3 Cade Fairchild           Ben Hutton                                        20     1   2  2  
 4 Darren Dietz             Dalton Thrower                                    10     1   2  2  

PowerPlay Forward 
   Center                   Left Wing                Right Wing               Time % Phy DF OF 
 1 Anton Lander             Eric Tangradi            Jonathan Tremblay        60     1   0  4  
 2 Maxime Macenauer         Matt Beleskey            Derek Dorsett            40     1   0  4  

PowerPlay Defense
   Defense                  Defense                                           Time % Phy DF OF 
 1 Thomas Hickey            Matt Niskanen                                     60     0   2  3  
 2 Matt Donovan             Cody Goloubef                                     40     0   2  3  

Penalty Kill 4 Players Forward 
   Center                   Wing                     Time % Phy DF OF 
 1 Anton Lander             Jonathan Tremblay        60     1   3  1  
 2 Eric Tangradi            Maxime Macenauer         40     1   3  1  

Penalty Kill 4 Players Defense
   Defense                  Defense                  Time % Phy DF OF 
 1 Thomas Hickey            Matt Niskanen            60     1   4  0  
 2 Matt Donovan             Cody Goloubef            40     1   4  0  

Penalty Kill - 3 Players Forward 
   Forward                                           Time % Phy DF OF 
 1 Anton Lander                                      60     1   3  1  
 2 Jonathan Tremblay                                 40     1   3  1  

Penalty Kill - 3 Players Defense
   Defense                  Defense                  Time % Phy DF OF 
 1 Thomas Hickey            Matt Niskanen            60     1   4  0  
 2 Matt Donovan             Cody Goloubef            40     1   4  0  

4 vs 4 Forward 
   Center                   Wing                     Time % Phy DF OF 
 1 Anton Lander             Jonathan Tremblay        60     1   2  2  
 2 Maxime Macenauer         Eric Tangradi            40     1   2  2  

4 vs 4 Defense
   Defense                  Defense                  Time % Phy DF OF 
 1 Thomas Hickey            Matt Niskanen            60     1   2  2  
 2 Matt Donovan             Cody Goloubef            40     1   2  2  

Last Minutes Offensive
   Center                   Left Wing                Right Wing               Defense                  Defense                  
   Anton Lander             Eric Tangradi            Jonathan Tremblay        Thomas Hickey            Matt Niskanen            

Last Minutes Defensive
   Center                   Left Wing                Right Wing               Defense                  Defense                  
   Anton Lander             Eric Tangradi            Jonathan Tremblay        Thomas Hickey            Matt Niskanen            

Goaltenders
Starting : Anders Lindback          
Backup : Calvin Pickard           

Extra Forwards
Normal : Drayson Bowman, Logan Shaw, Sven Baertschi - PP : Drayson Bowman, Logan Shaw - PK : Sven Baertschi
Extra Defensemen
Normal : Cade Fairchild, Ben Hutton, Darren Dietz - PP : Cade Fairchild - PK : Ben Hutton, Darren Dietz
Penalty Shots
Anton Lander, Jonathan Tremblay, Eric Tangradi, Maxime Macenauer, Matt Beleskey

Scratches
Reid Boucher (Healthy), Mario Lucia (Healthy), Adam Lowry (Healthy), Nick Bonino (Head Injury), Marek Langhamer (Healthy)

% Time on Ice - Monarchs

Lines # - Real PCT - Wanted PCT - Time Play
Normal Forward
1 - 33% - 35% - 13:27
2 - 25% - 30% - 10:06
3 - 27% - 30% - 10:41
4 - 15% - 5% - 6:00
Normal Defense
1 - 39% - 40% - 15:36
2 - 39% - 40% - 15:33
3 - 23% - 20% - 9:05
4 - 0% - 0% - 0:00
PP Forward
1 - 62% - 60% - 9:51
2 - 38% - 40% - 6:02
PP Defense
1 - 61% - 60% - 9:41
2 - 39% - 40% - 6:12
PK Forward
1 - 93% - 60% - 2:55
2 - 7% - 40% - 0:14
PK Defense
1 - 74% - 60% - 2:20
2 - 26% - 40% - 0:49
PK3 Forward
1 - 0% - 60%
2 - 0% - 40%
PK3 Defense
1 - 0% - 60%
2 - 0% - 40%
44 Forward
1 - 0% - 60%
2 - 0% - 40%
44 Defense
1 - 0% - 60%
2 - 0% - 40%
Last Minute Offensive  - 0:00
Last Minute Defensive  - 0:44
Total
Forward - 60:00
Defense - 60:00

% Time on Ice - Mulligans

Lines # - Real PCT - Wanted PCT - Time Play
Normal Forward
1 - 35% - 40% - 14:01
2 - 28% - 30% - 11:04
3 - 24% - 20% - 9:32
4 - 14% - 10% - 5:37
Normal Defense
1 - 43% - 40% - 17:26
2 - 30% - 30% - 12:01
3 - 17% - 20% - 6:59
4 - 9% - 10% - 3:48
PP Forward
1 - 38% - 60% - 1:12
2 - 62% - 40% - 1:57
PP Defense
1 - 66% - 60% - 2:04
2 - 34% - 40% - 1:05
PK Forward
1 - 69% - 60% - 10:57
2 - 31% - 40% - 4:56
PK Defense
1 - 59% - 60% - 9:25
2 - 41% - 40% - 6:28
PK3 Forward
1 - 0% - 60%
2 - 0% - 40%
PK3 Defense
1 - 0% - 60%
2 - 0% - 40%
44 Forward
1 - 0% - 60%
2 - 0% - 40%
44 Defense
1 - 0% - 60%
2 - 0% - 40%
Last Minute Offensive  - 0:44
Last Minute Defensive  - 0:00
Total
Forward - 60:00
Defense - 60:00

Play by Play

1st period


0:01 of 1st period - Anton Lander wins face-off versus Tyler Toffoli in neutral zone.
0:26 of 1st period - Riley Cote is hit by Matt Niskanen and loses puck.
0:51 of 1st period - Snap shot by Drayson Bowman.
0:51 of 1st period - Stopped by Niklas Backstrom with a rebound.
1:09 of 1st period - Wrist shot by Nick Shore.
1:09 of 1st period - Shot Hit the Post.
1:51 of 1st period - Slapshot by Jeff Skinner.
1:51 of 1st period - Stopped by Anders Lindback with a rebound.
1:53 of 1st period - Slapshot by Olli Maatta.
1:53 of 1st period - Stopped by Anders Lindback with a rebound.
1:55 of 1st period - Slapshot by Olli Maatta.
1:55 of 1st period - Shot Blocked by Darren Dietz.
2:55 of 1st period - Snap shot by Logan Shaw.
2:55 of 1st period - Shot Misses the Net.
2:57 of 1st period - Slapshot by Thomas Hickey.
2:57 of 1st period - Shot Misses the Net.
2:59 of 1st period - Slapshot by Thomas Hickey.
2:59 of 1st period - Shot Blocked by Kyle Clifford.
3:01 of 1st period - Slapshot by Matt Niskanen.
3:01 of 1st period - Stopped by Niklas Backstrom with a rebound.
3:03 of 1st period - Slapshot by Thomas Hickey.
3:03 of 1st period - Shot Blocked by Kyle Clifford.
3:05 of 1st period - Slapshot by Matt Niskanen.
3:05 of 1st period - Stopped by Niklas Backstrom without a rebound.
3:06 of 1st period - Tom Pyatt wins face-off versus Maxime Macenauer in Monarchs zone.
3:15 of 1st period - Snap shot by Matt Beleskey.
3:15 of 1st period - Shot Misses the Net.
3:31 of 1st period - Matt Tennyson is hit by Jonathan Tremblay and loses puck.
3:38 of 1st period - Wrist shot by Tomas Kubalik.
3:38 of 1st period - Stopped by Anders Lindback with a rebound.
3:58 of 1st period - Slapshot by Sven Baertschi.
3:58 of 1st period - Deflect By Brandon Gormley.
3:58 of 1st period - Shot Blocked by Kyle Clifford.
3:58 of 1st period - Puck is out of play.
3:59 of 1st period - Nick Shore wins face-off versus Tom Pyatt in Monarchs zone.
4:10 of 1st period - Snap shot by Jeff Skinner.
4:10 of 1st period - Stopped by Anders Lindback with a rebound.
4:12 of 1st period - Snap shot by Jeff Skinner.
4:12 of 1st period - Stopped by Anders Lindback without a rebound.
4:13 of 1st period - Connor Brown wins face-off versus Jonathan Tremblay in Mulligans zone.
5:19 of 1st period - Slapshot by Matt Niskanen.
5:19 of 1st period - Deflect By Joonas Donskoi.
5:19 of 1st period - Shot Blocked by Brandon Gormley.
5:19 of 1st period - Puck is out of play.
5:20 of 1st period - Nick Shore wins face-off versus Connor Brown in Monarchs zone.
5:23 of 1st period - Wrist shot by Joonas Donskoi.
5:23 of 1st period - Shot Misses the Net.
5:33 of 1st period - Snap shot by Kyle Clifford.
5:33 of 1st period - Shot Misses the Net.
5:45 of 1st period - Snap shot by Eric Tangradi.
5:45 of 1st period - Stopped by Niklas Backstrom without a rebound.
5:46 of 1st period - Anton Lander wins face-off versus Chris Tierney in Monarchs zone.
7:01 of 1st period - Off-side.
7:02 of 1st period - Anton Lander wins face-off versus Chris Tierney in neutral zone.
7:23 of 1st period - Minor Penalty to Ben Hutton for Holding.
7:24 of 1st period - Tyler Toffoli wins face-off versus Anton Lander in Mulligans zone.
7:29 of 1st period - Slapshot by Kyle Clifford.
7:29 of 1st period - Shot Blocked by Thomas Hickey.
7:49 of 1st period - Thomas Hickey is hit by Alec Martinez and loses puck.
7:58 of 1st period - Snap shot by Tomas Kubalik.
7:58 of 1st period - Stopped by Anders Lindback without a rebound.
7:59 of 1st period - Anton Lander wins face-off versus Tyler Toffoli in Mulligans zone.
8:14 of 1st period - Snap shot by Kyle Clifford.
8:14 of 1st period - Shot Misses the Net.
9:23 of 1st period - Penalty to Ben Hutton is over, Ben Hutton is back on ice.
10:53 of 1st period - Brandon Gormley is hit by Jonathan Tremblay and loses puck.
11:36 of 1st period - Drayson Bowman is hit by Colton Parayko.
12:05 of 1st period - Eric Tangradi is hit by Tomas Kubalik and loses puck.
12:24 of 1st period - Off-side.
12:25 of 1st period - Tom Pyatt wins face-off versus Maxime Macenauer in neutral zone.
12:30 of 1st period - Matt Beleskey is hit by Emerson Etem and loses puck.
12:35 of 1st period - Snap shot by Tom Pyatt.
12:35 of 1st period - Stopped by Anders Lindback without a rebound.
12:36 of 1st period - Tyler Toffoli wins face-off versus Eric Tangradi in Mulligans zone.
13:03 of 1st period - Slapshot by Drayson Bowman.
13:03 of 1st period - Shot Blocked by Tyler Toffoli.
13:05 of 1st period - Snap shot by Logan Shaw.
13:05 of 1st period - Shot Misses the Net.
13:07 of 1st period - Snap shot by Cody Goloubef.
13:07 of 1st period - Shot Misses the Net.
13:09 of 1st period - Slapshot by Matt Donovan.
13:09 of 1st period - Stopped by Niklas Backstrom with a rebound.
13:11 of 1st period - Slapshot by Matt Donovan.
13:11 of 1st period - Stopped by Niklas Backstrom with a rebound.
14:02 of 1st period - Off-side.
14:03 of 1st period - Colton Sissons wins face-off versus Nick Shore in neutral zone.
14:36 of 1st period - Snap shot by Jeff Skinner.
14:36 of 1st period - Goal by Jeff Skinner - Monarchs : 1 - Mulligans : 0.
14:37 of 1st period - Tyler Toffoli wins face-off versus Anton Lander in neutral zone.
15:04 of 1st period - Emerson Etem is hit by Logan Shaw and loses puck.
15:39 of 1st period - Off-side.
15:40 of 1st period - Tyler Toffoli wins face-off versus Anton Lander in neutral zone.
15:48 of 1st period - Off-side.
15:49 of 1st period - Anton Lander wins face-off versus Tyler Toffoli in neutral zone.
16:02 of 1st period - Wrist shot by Kyle Clifford.
16:02 of 1st period - Goal by Kyle Clifford - Monarchs : 2 - Mulligans : 0.
16:03 of 1st period - Tyler Toffoli wins face-off versus Anton Lander in neutral zone.
16:10 of 1st period - Snap shot by Kyle Clifford.
16:10 of 1st period - Stopped by Anders Lindback without a rebound.
16:11 of 1st period - Connor Brown wins face-off versus Eric Tangradi in Mulligans zone.
16:16 of 1st period - Snap shot by Kyle Clifford.
16:16 of 1st period - Shot Misses the Net.
16:18 of 1st period - Slapshot by Kyle Clifford.
16:18 of 1st period - Deflect By Tyler Toffoli.
16:18 of 1st period - Shot Misses the Net.
16:18 of 1st period - Puck is out of play.
16:19 of 1st period - Anton Lander wins face-off versus Tyler Toffoli in Mulligans zone.
17:09 of 1st period - Colton Parayko is hit by Drayson Bowman and loses puck.
17:53 of 1st period - Wrist shot by Eric Tangradi.
17:53 of 1st period - Shot Misses the Net.
17:55 of 1st period - Snap shot by Cade Fairchild.
17:55 of 1st period - Shot Misses the Net.
18:35 of 1st period - Snap shot by Tomas Kubalik.
18:35 of 1st period - Stopped by Anders Lindback with a rebound.
18:37 of 1st period - Wrist shot by Riley Cote.
18:37 of 1st period - Goal by Riley Cote - Monarchs : 3 - Mulligans : 0.
18:38 of 1st period - Anton Lander wins face-off versus Tyler Toffoli in neutral zone.
18:49 of 1st period - Snap shot by Connor Brown.
18:49 of 1st period - Shot Blocked by Anton Lander.
18:51 of 1st period - Backhand shot by Kyle Clifford.
18:51 of 1st period - Shot Misses the Net.
19:28 of 1st period - Emerson Etem is hit by Cody Goloubef and loses puck.
19:53 of 1st period - Bryan Rust is hit by Ben Hutton and loses puck.
Goals for this period are 3 for Monarchs vs 0 for Mulligans.
Shots for this period are 12 for Monarchs vs 6 for Mulligans.

2nd period


0:01 of 2nd period - Anton Lander wins face-off versus Tyler Toffoli in neutral zone.
0:04 of 2nd period - Slapshot by Matt Niskanen.
0:04 of 2nd period - Shot Blocked by Brandon Gormley.
0:30 of 2nd period - Alec Martinez is hit by Derek Dorsett and loses puck.
1:22 of 2nd period - Alec Martinez is hit by Nick Shore and loses puck.
1:39 of 2nd period - Backhand shot by Anton Lander.
1:39 of 2nd period - Stopped by Niklas Backstrom without a rebound.
1:40 of 2nd period - Chris Tierney wins face-off versus Anton Lander in Monarchs zone.
1:40 of 2nd period - Chris Tierney is hit by Ben Hutton.
2:05 of 2nd period - Cade Fairchild is hit by Kyle Clifford and loses puck.
2:14 of 2nd period - Snap shot by Connor Brown.
2:14 of 2nd period - Goal by Connor Brown - Monarchs : 4 - Mulligans : 0.
2:14 of 2nd period - Calvin Pickard enters game.
2:15 of 2nd period - Tom Pyatt wins face-off versus Anton Lander in neutral zone.
2:24 of 2nd period - Wrist shot by Tom Pyatt.
2:24 of 2nd period - Stopped by Calvin Pickard without a rebound.
2:25 of 2nd period - Eric Tangradi wins face-off versus Tom Pyatt in Mulligans zone.
2:30 of 2nd period - Slapshot by Jeff Skinner.
2:30 of 2nd period - Stopped by Calvin Pickard with a rebound.
2:32 of 2nd period - Snap shot by Emerson Etem.
2:32 of 2nd period - Deflect By Tom Pyatt.
2:32 of 2nd period - Shot Blocked by Thomas Hickey.
2:32 of 2nd period - Puck is out of play.
2:33 of 2nd period - Anton Lander wins face-off versus Tyler Toffoli in Mulligans zone.
2:44 of 2nd period - Snap shot by Eric Tangradi.
2:44 of 2nd period - Stopped by Niklas Backstrom with a rebound.
2:58 of 2nd period - Matt Beleskey is hit by Colton Parayko and loses puck.
3:20 of 2nd period - Double Minor Penalty to Logan Shaw for High sticking.
3:21 of 2nd period - Anton Lander wins face-off versus Tyler Toffoli in Mulligans zone.
3:37 of 2nd period - Snap shot by Connor Brown.
3:37 of 2nd period - Shot Misses the Net.
6:02 of 2nd period - Jonathan Tremblay is hit by Riley Cote and loses puck.
7:20 of 2nd period - Penalty to Logan Shaw is over, Logan Shaw is back on ice.
7:31 of 2nd period - Logan Shaw is hit by Emerson Etem and loses puck.
7:44 of 2nd period - Snap shot by Derek Dorsett.
7:44 of 2nd period - Stopped by Niklas Backstrom with a rebound.
7:46 of 2nd period - Wrist shot by Matt Beleskey.
7:46 of 2nd period - Stopped by Niklas Backstrom without a rebound.
7:47 of 2nd period - Colton Sissons wins face-off versus Derek Dorsett in Monarchs zone.
8:25 of 2nd period - Minor Penalty to Colton Parayko for Tripping.
8:26 of 2nd period - Riley Cote wins face-off versus Anton Lander in Monarchs zone.
8:52 of 2nd period - Icing by Matt Niskanen.
8:53 of 2nd period - Matt Beleskey wins face-off versus Riley Cote in Mulligans zone.
9:10 of 2nd period - Riley Cote is hit by Matt Beleskey and loses puck.
9:17 of 2nd period - Slapshot by Thomas Hickey.
9:17 of 2nd period - Shot Misses the Net.
9:19 of 2nd period - Slapshot by Maxime Macenauer.
9:19 of 2nd period - Shot Blocked by Brandon Gormley.
9:21 of 2nd period - Wrist shot by Maxime Macenauer.
9:21 of 2nd period - Goal by Maxime Macenauer - Monarchs : 4 - Mulligans : 1.
9:22 of 2nd period - Anton Lander wins face-off versus Tyler Toffoli in neutral zone.
9:34 of 2nd period - Alec Martinez is hit by Thomas Hickey and loses puck.
10:14 of 2nd period - Cody Goloubef is hit by Tomas Kubalik and loses puck.
10:33 of 2nd period - Snap shot by Drayson Bowman.
10:33 of 2nd period - Shot Blocked by Connor Brown.
10:37 of 2nd period - Wrist shot by Christoph Bertschy.
10:37 of 2nd period - Deflect By Logan Shaw.
10:37 of 2nd period - Stopped by Niklas Backstrom with a rebound.
10:50 of 2nd period - Off-side.
10:51 of 2nd period - Anton Lander wins face-off versus Tom Pyatt in neutral zone.
10:54 of 2nd period - Slapshot by Thomas Hickey.
10:54 of 2nd period - Stopped by Niklas Backstrom with a rebound.
12:02 of 2nd period - Slapshot by Tom Pyatt.
12:02 of 2nd period - Stopped by Calvin Pickard with a rebound.
12:30 of 2nd period - Wrist shot by Connor Brown.
12:30 of 2nd period - Deflect By Tyler Toffoli.
12:30 of 2nd period - Stopped by Calvin Pickard with a rebound.
12:46 of 2nd period - Slapshot by Alec Martinez.
12:46 of 2nd period - Shot Misses the Net.
12:48 of 2nd period - Wrist shot by Alec Martinez.
12:48 of 2nd period - Shot Blocked by Cade Fairchild.
12:50 of 2nd period - Wrist shot by Tomas Kubalik.
12:50 of 2nd period - Deflect By Riley Cote.
12:50 of 2nd period - Shot Hit the Post.
12:50 of 2nd period - Puck is out of play.
12:51 of 2nd period - Tyler Toffoli wins face-off versus Anton Lander in Mulligans zone.
13:00 of 2nd period - Slapshot by Connor Brown.
13:00 of 2nd period - Shot Blocked by Jonathan Tremblay.
13:06 of 2nd period - Slapshot by Kyle Clifford.
13:06 of 2nd period - Stopped by Calvin Pickard without a rebound.
13:07 of 2nd period - Maxime Macenauer wins face-off versus Tom Pyatt in Mulligans zone.
13:07 of 2nd period - Maxime Macenauer is hit by Emerson Etem.
13:17 of 2nd period - Minor Penalty to Derek Dorsett for Cross-checking.
13:18 of 2nd period - Anton Lander wins face-off versus Kyle Clifford in Mulligans zone.
13:45 of 2nd period - Alec Martinez is hit by Eric Tangradi and loses puck.
13:58 of 2nd period - Slapshot by Eric Tangradi.
13:58 of 2nd period - Deflect By Maxime Macenauer.
13:58 of 2nd period - Shot Misses the Net.
13:58 of 2nd period - Puck is out of play.
13:59 of 2nd period - Tyler Toffoli wins face-off versus Anton Lander in Monarchs zone.
14:12 of 2nd period - Wrist shot by Connor Brown.
14:12 of 2nd period - Stopped by Calvin Pickard without a rebound.
14:13 of 2nd period - Tyler Toffoli wins face-off versus Jonathan Tremblay in Mulligans zone.
15:17 of 2nd period - Penalty to Derek Dorsett is over, Derek Dorsett is back on ice.
15:56 of 2nd period - Derek Dorsett is hit by Jeff Skinner and loses puck.
16:11 of 2nd period - Minor Penalty to Matt Beleskey for Roughing.
16:12 of 2nd period - Anton Lander wins face-off versus Tyler Toffoli in Mulligans zone.
18:11 of 2nd period - Penalty to Matt Beleskey is over, Matt Beleskey is back on ice.
18:15 of 2nd period - Matt Tennyson is hit by Anton Lander and loses puck.
18:45 of 2nd period - Jonathan Tremblay is hit by Emerson Etem and loses puck.
19:20 of 2nd period - Slapshot by Sven Baertschi.
19:20 of 2nd period - Stopped by Niklas Backstrom with a rebound.
19:32 of 2nd period - Wrist shot by Drayson Bowman.
19:32 of 2nd period - Deflect By Christoph Bertschy.
19:32 of 2nd period - Stopped by Niklas Backstrom with a rebound.
19:34 of 2nd period - Wrist shot by Drayson Bowman.
19:34 of 2nd period - Stopped by Niklas Backstrom without a rebound.
19:35 of 2nd period - Christoph Bertschy wins face-off versus Colton Sissons in Monarchs zone.
19:44 of 2nd period - Snap shot by Christoph Bertschy.
19:44 of 2nd period - Stopped by Niklas Backstrom with a rebound.
19:46 of 2nd period - Snap shot by Logan Shaw.
19:46 of 2nd period - Shot Misses the Net.
19:48 of 2nd period - Snap shot by Christoph Bertschy.
19:48 of 2nd period - Goal by Christoph Bertschy - Monarchs : 4 - Mulligans : 2.
19:49 of 2nd period - Maxime Macenauer wins face-off versus Tyler Toffoli in neutral zone.
19:54 of 2nd period - Snap shot by Matt Beleskey.
19:54 of 2nd period - Stopped by Niklas Backstrom with a rebound.
Goals for this period are 1 for Monarchs vs 2 for Mulligans.
Shots for this period are 7 for Monarchs vs 13 for Mulligans.

3rd period


0:01 of 3rd period - Tyler Toffoli wins face-off versus Jonathan Tremblay in neutral zone.
0:10 of 3rd period - Snap shot by Anton Lander.
0:10 of 3rd period - Shot Misses the Net.
0:12 of 3rd period - Backhand shot by Matt Niskanen.
0:12 of 3rd period - Stopped by Niklas Backstrom with a rebound.
0:14 of 3rd period - Snap shot by Eric Tangradi.
0:14 of 3rd period - Shot Blocked by Matt Tennyson.
0:16 of 3rd period - Slapshot by Matt Niskanen.
0:16 of 3rd period - Deflect By Eric Tangradi.
0:16 of 3rd period - Stopped by Niklas Backstrom without a rebound.
0:17 of 3rd period - Maxime Macenauer wins face-off versus Tomas Kubalik in Monarchs zone.
0:18 of 3rd period - Wrist shot by Matt Beleskey.
0:18 of 3rd period - Goal by Matt Beleskey - Monarchs : 4 - Mulligans : 3.
0:19 of 3rd period - Chris Tierney wins face-off versus Anton Lander in neutral zone.
0:45 of 3rd period - Minor Penalty to Alec Martinez for Boarding.
0:46 of 3rd period - Anton Lander wins face-off versus Riley Cote in Monarchs zone.
1:54 of 3rd period - Wrist shot by Chris Tierney.
1:54 of 3rd period - Stopped by Calvin Pickard without a rebound.
1:55 of 3rd period - Chris Tierney wins face-off versus Maxime Macenauer in Mulligans zone.
2:10 of 3rd period - Wrist shot by Kyle Clifford.
2:10 of 3rd period - Stopped by Calvin Pickard with a rebound.
2:36 of 3rd period - Off-side.
2:37 of 3rd period - Riley Cote wins face-off versus Anton Lander in neutral zone.
2:45 of 3rd period - Penalty to Alec Martinez is over, Alec Martinez is back on ice.
2:52 of 3rd period - Wrist shot by Alec Martinez.
2:52 of 3rd period - Stopped by Calvin Pickard without a rebound.
2:53 of 3rd period - Christoph Bertschy wins face-off versus Tom Pyatt in Mulligans zone.
3:18 of 3rd period - Thomas Hickey is hit by Chris Tierney.
3:34 of 3rd period - Minor Penalty to Matt Donovan for Interference.
3:35 of 3rd period - Tyler Toffoli wins face-off versus Anton Lander in Mulligans zone.
5:27 of 3rd period - Icing by Brandon Gormley.
5:28 of 3rd period - Tyler Toffoli wins face-off versus Sven Baertschi in Monarchs zone.
5:34 of 3rd period - Penalty to Matt Donovan is over, Matt Donovan is back on ice.
6:20 of 3rd period - Snap shot by Jeff Skinner.
6:20 of 3rd period - Stopped by Calvin Pickard with a rebound.
6:26 of 3rd period - Minor Penalty to Dalton Thrower for Tripping.
6:27 of 3rd period - Anton Lander wins face-off versus Tyler Toffoli in Mulligans zone.
6:32 of 3rd period - Tyler Toffoli is hit by Jonathan Tremblay and loses puck.
6:53 of 3rd period - Jeff Skinner is hit by Maxime Macenauer and loses puck.
8:26 of 3rd period - Penalty to Dalton Thrower is over, Dalton Thrower is back on ice.
8:40 of 3rd period - Wrist shot by Anton Lander.
8:40 of 3rd period - Stopped by Niklas Backstrom with a rebound.
8:45 of 3rd period - Minor Penalty to Colton Sissons for Cross-checking.
8:46 of 3rd period - Riley Cote wins face-off versus Maxime Macenauer in Monarchs zone.
8:46 of 3rd period - Riley Cote is hit by Matt Donovan.
8:59 of 3rd period - Slapshot by Matt Beleskey.
8:59 of 3rd period - Goal by Matt Beleskey - Monarchs : 4 - Mulligans : 4.
9:00 of 3rd period - Tyler Toffoli wins face-off versus Anton Lander in neutral zone.
9:34 of 3rd period - Snap shot by Tomas Kubalik.
9:34 of 3rd period - Stopped by Calvin Pickard without a rebound.
9:35 of 3rd period - Chris Tierney wins face-off versus Maxime Macenauer in Mulligans zone.
9:36 of 3rd period - Slapshot by Riley Cote.
9:36 of 3rd period - Goal by Riley Cote - Monarchs : 5 - Mulligans : 4.
9:37 of 3rd period - Tyler Toffoli wins face-off versus Anton Lander in neutral zone.
10:07 of 3rd period - Wrist shot by Logan Shaw.
10:07 of 3rd period - Shot Blocked by Kyle Clifford.
10:47 of 3rd period - Cody Goloubef is hit by Tom Pyatt.
10:51 of 3rd period - Snap shot by Maxime Macenauer.
10:51 of 3rd period - Stopped by Niklas Backstrom with a rebound.
11:35 of 3rd period - Jeff Skinner is hit by Drayson Bowman and loses puck.
11:42 of 3rd period - Slapshot by Matt Donovan.
11:42 of 3rd period - Stopped by Niklas Backstrom without a rebound.
11:43 of 3rd period - Anton Lander wins face-off versus Chris Tierney in Monarchs zone.
11:44 of 3rd period - Snap shot by Eric Tangradi.
11:44 of 3rd period - Deflect By Anton Lander.
11:44 of 3rd period - Stopped by Niklas Backstrom without a rebound.
11:45 of 3rd period - Anton Lander wins face-off versus Chris Tierney in Monarchs zone.
11:52 of 3rd period - Wrist shot by Riley Cote.
11:52 of 3rd period - Shot Misses the Net.
11:54 of 3rd period - Slapshot by Jordie Benn.
11:54 of 3rd period - Shot Misses the Net.
12:00 of 3rd period - Wrist shot by Tomas Kubalik.
12:00 of 3rd period - Deflect By Riley Cote.
12:00 of 3rd period - Shot Hit the Post.
12:00 of 3rd period - Puck is out of play.
12:01 of 3rd period - Tyler Toffoli wins face-off versus Maxime Macenauer in Mulligans zone.
12:12 of 3rd period - Backhand shot by Connor Brown.
12:12 of 3rd period - Stopped by Calvin Pickard without a rebound.
12:13 of 3rd period - Anton Lander wins face-off versus Tyler Toffoli in Mulligans zone.
12:38 of 3rd period - Matt Niskanen is hit by Emerson Etem and loses puck.
13:27 of 3rd period - Wrist shot by Kyle Clifford.
13:27 of 3rd period - Stopped by Calvin Pickard without a rebound.
13:28 of 3rd period - Anton Lander wins face-off versus Emerson Etem in Mulligans zone.
13:28 of 3rd period - Anton Lander is hit by Emerson Etem.
13:44 of 3rd period - Snap shot by Jeff Skinner.
13:44 of 3rd period - Stopped by Calvin Pickard with a rebound.
14:33 of 3rd period - Slapshot by Alec Martinez.
14:33 of 3rd period - Shot Blocked by Matt Donovan.
14:35 of 3rd period - Slapshot by Alec Martinez.
14:35 of 3rd period - Stopped by Calvin Pickard without a rebound.
14:36 of 3rd period - Anton Lander wins face-off versus Chris Tierney in Mulligans zone.
14:36 of 3rd period - Eric Tangradi is hit by Brandon Gormley.
14:52 of 3rd period - Wrist shot by Tomas Kubalik.
14:52 of 3rd period - Stopped by Calvin Pickard without a rebound.
14:53 of 3rd period - Maxime Macenauer wins face-off versus Tom Pyatt in Mulligans zone.
14:53 of 3rd period - Maxime Macenauer is hit by Brandon Gormley.
14:59 of 3rd period - Wrist shot by Tom Pyatt.
14:59 of 3rd period - Deflect By Emerson Etem.
14:59 of 3rd period - Shot Blocked by Thomas Hickey.
14:59 of 3rd period - Puck is out of play.
15:00 of 3rd period - Maxime Macenauer wins face-off versus Tom Pyatt in Mulligans zone.
15:00 of 3rd period - Maxime Macenauer is hit by Emerson Etem.
15:36 of 3rd period - Slapshot by Kyle Clifford.
15:36 of 3rd period - Deflect By Tyler Toffoli.
15:36 of 3rd period - Goal by Tyler Toffoli - Monarchs : 6 - Mulligans : 4.
15:37 of 3rd period - Emerson Etem wins face-off versus Christoph Bertschy in neutral zone.
15:50 of 3rd period - Snap shot by Logan Shaw.
15:50 of 3rd period - Stopped by Niklas Backstrom without a rebound.
15:51 of 3rd period - Tom Pyatt wins face-off versus Anton Lander in Monarchs zone.
15:53 of 3rd period - Icing by Jeff Skinner.
15:54 of 3rd period - Anton Lander wins face-off versus Tom Pyatt in Monarchs zone.
15:55 of 3rd period - Wrist shot by Eric Tangradi.
15:55 of 3rd period - Shot Misses the Net.
16:03 of 3rd period - Matt Niskanen is hit by Jeff Skinner and loses puck.
16:22 of 3rd period - Snap shot by Christoph Bertschy.
16:22 of 3rd period - Shot Misses the Net.
16:39 of 3rd period - Off-side.
16:40 of 3rd period - Nick Shore wins face-off versus Chris Tierney in neutral zone.
16:43 of 3rd period - Slapshot by Matt Donovan.
16:43 of 3rd period - Shot Blocked by Tomas Kubalik.
16:53 of 3rd period - Wrist shot by Riley Cote.
16:53 of 3rd period - Shot Misses the Net.
17:01 of 3rd period - Minor Penalty to Sven Baertschi for Holding.
17:02 of 3rd period - Anton Lander wins face-off versus Tyler Toffoli in Mulligans zone.
17:27 of 3rd period - Tyler Toffoli is hit by Thomas Hickey and loses puck.
18:06 of 3rd period - Slapshot by Tyler Toffoli.
18:06 of 3rd period - Shot Misses the Net.
18:08 of 3rd period - Slapshot by Emerson Etem.
18:08 of 3rd period - Shot Blocked by Thomas Hickey.
18:45 of 3rd period - Snap shot by Jeff Skinner.
18:45 of 3rd period - Shot Misses the Net.
18:47 of 3rd period - Slapshot by Brandon Gormley.
18:47 of 3rd period - Shot Blocked by Anton Lander.
18:49 of 3rd period - Wrist shot by Tomas Kubalik.
18:49 of 3rd period - Stopped by Calvin Pickard without a rebound.
18:50 of 3rd period - Anton Lander wins face-off versus Chris Tierney in Mulligans zone.
19:01 of 3rd period - Penalty to Sven Baertschi is over, Sven Baertschi is back on ice.
19:09 of 3rd period - Snap shot by Anton Lander.
19:09 of 3rd period - Stopped by Niklas Backstrom without a rebound.
19:10 of 3rd period - Christoph Bertschy wins face-off versus Igor Makarov in Monarchs zone.
19:15 of 3rd period - Snap shot by Logan Shaw.
19:15 of 3rd period - Goal by Logan Shaw - Monarchs : 6 - Mulligans : 5.
19:16 of 3rd period - Chris Tierney wins face-off versus Anton Lander in neutral zone.
19:57 of 3rd period - Slapshot by Riley Cote.
19:57 of 3rd period - Stopped by Calvin Pickard without a rebound.
19:58 of 3rd period - Andy Murray call a timeout for Mulligans.
19:58 of 3rd period - Anton Lander wins face-off versus Chris Tierney in Mulligans zone.
Goals for this period are 2 for Monarchs vs 3 for Mulligans.
Shots for this period are 14 for Monarchs vs 11 for Mulligans.